 Dungeon Crawl Stone Soup version 0.28.0-53-g5a82cb258f (webtiles) character file.

Game seed: 17528669485423972974

5611 issech the Cruncher (level 10, 0/81 HPs)
             Began as a Minotaur Monk on June 16, 2022.
             Was a Priest of Hepliaklqana.
             Slain by a killer bee (6 damage)
             ... on level 9 of the Dungeon.
             The game lasted 00:28:12 (9104 turns).

issech the Cruncher (Minotaur Monk)                 Turns: 9104, Time: 00:28:13

Health: 0/81       AC: 17    Str: 17    XL:     10   Next: 45%
Magic:  9/9        EV:  8    Int: 13    God:    Hepliaklqana [***...]
Gold:   442        SH:  0    Dex: 18    Spells: 9/9 levels left

rFire   x . .      SeeInvis .   I - +7 quarterstaff "Cewatubb" {venom, rF- Will+ Str+2 Stlth+}
rCold   . . .      Faith    .   (shield currently unavailable)
rNeg    . . .      Spirit   .   J - +0 plate armour
rPois   .          Reflect  .   (helmet restricted)
rElec   .          Harm     .   y - +1 cloak
rCorr   .          Rampage  .   (no gloves)
Will    +....                   c - +0 pair of boots
Stlth   +.........              (no amulet)
HPRegen 0.23/turn               x - ring of Grace {Int+6 Stlth+}
MPRegen 0.11/turn               (no ring)

@: lethally poisoned (0 -> -5), studying Staves
A: reduced essence, horns 2, retaliatory headbutt
a: Renounce Religion, Recall Ancestor, Ancestor Identity, Transference


You were on level 9 of the Dungeon.
You worshipped Hepliaklqana.
Hepliaklqana was most pleased with you.
You visited 2 branches of the dungeon, and saw 10 of its levels.
You also visited: Ossuary.

You collected 442 gold pieces.

Inventory:

Hand Weapons
 o - the +4 spear of Watchfulness {vorpal, rC++ rN+}
   (You found it on level 2 of the Dungeon)

   It inflicts extra damage upon your enemies.
   rC:        It greatly protects you from cold.
   rN:        It protects you from negative energy.
 r - a +4 morningstar
 I - the +7 quarterstaff "Cewatubb" (weapon) {venom, rF- Will+ Str+2 Stlth+}
   (You found it on level 4 of the Dungeon)

   It poisons the flesh of those it strikes.
   Str:       It affects your strength (+2).
   rF:        It makes you vulnerable to fire.
   Will:      It increases your willpower.
   Stlth:     It makes you more stealthy.
 R - a +0 antimagic long sword
 S - the +10 spear "Ultimatum" {pain, rElec Int+3}
   (You found it on level 5 of the Dungeon)

   In the hands of one skilled in necromantic magic, it inflicts extra damage on
   living creatures.
   Int:       It affects your intelligence (+3).
   rElec:     It insulates you from electricity.
 Y - a +1 hand axe of freezing
Missiles
 b - 31 sling bullets
 d - 359 stones (quivered)
 i - 4 silver javelins
 j - 2 poisoned darts
 k - 53 arrows
 E - 31 bolts
 T - 3 boomerangs of dispersal
 Z - 4 boomerangs
Armour
 c - a +0 pair of boots (worn)
 n - the +1 scale mail of Sloth {Rampage}
   (You found it on level 9 of the Dungeon)

   Rampage:   It bestows one free step when moving towards enemies.
 y - a +1 cloak (worn)
 J - a +0 plate armour (worn)
Jewellery
 x - the ring of Grace (left hand) {Int+6 Stlth+}
   (You took it off a gnoll on level 3 of the Dungeon)

   [ring of intelligence]

   Int:       It affects your intelligence (+6).
   Stlth:     It makes you more stealthy.
Wands
 a - a wand of digging (7)
 p - a wand of paralysis (14)
 s - a wand of acid (7)
 w - a wand of mindburst (14)
 H - a wand of polymorph (10)
Scrolls
 h - 2 scrolls of magic mapping
 m - a scroll of fog
 q - a scroll of amnesia
 t - 2 scrolls of teleportation
 B - 2 scrolls of enchant weapon
 D - a scroll of enchant armour {unknown}
 G - a scroll of summoning {unknown}
 K - a scroll of blinking {unknown}
 U - a scroll of brand weapon {unknown}
Potions
 e - 2 potions of lignification {unknown}
 f - 4 potions of mutation {unknown}
 g - 2 potions of haste {unknown}
 l - 2 potions of magic {unknown}
 u - a potion of attraction {unknown}
 z - a potion of ambrosia {unknown}
 A - 3 potions of degeneration {unknown}
 C - 3 potions of curing {unknown}
 F - a potion of berserk rage {unknown}
 L - 3 potions of heal wounds {unknown}
 M - a potion of brilliance {unknown}
 N - a potion of cancellation {unknown}
 O - 3 potions of invisibility {unknown}
 P - 4 potions of flight {unknown}


   Skills:
 + Level 8.6 Fighting
 + Level 4.8(5.5) Axes
 + Level 4.2(9.3) Polearms
 + Level 11.9(12.2) Staves
 + Level 1.3 Throwing
 + Level 8.9 Armour
 + Level 5.9 Dodging
 + Level 4.4 Stealth


You had 9 spell levels left.
You didn't know any spells.
Your spell library contained the following spells:

 Spells                   Type           Power      Damage    Failure   Level
 Animate Skeleton         Necr           0%         N/A       100%        1
 Freeze                   Ice            0%         1d3       100%        1
 Pain                     Necr           0%         1d4       100%        1
 Sandblast                Erth           0%         2d4       100%        1
 Passwall                 Tmut/Erth      0%         N/A       100%        2
 Scorch                   Fire           0%         2d5       100%        2
 Frozen Ramparts          Ice            0%         1d2       100%        3
 Stone Arrow              Conj/Erth      0%         3d7       100%        3
 Vampiric Draining        Necr           0%         2d6       100%        3
 Flame Wave               Conj/Fire      0%         2d4       100%        4
 Hailstorm                Conj/Ice       0%         3d3       100%        4
 Olgreb's Toxic Radiance  Pois           0%         N/A       100%        4
 Summon Cactus Giant      Summ           0%         N/A       100%        6
 Ozocubu's Refrigeration  Ice            0%         4d5       100%        7
 Ignition                 Fire           0%         3d3       100%        8


Dungeon Overview and Level Annotations

Branches:
Dungeon (9/15)             Temple (1/1) D:4         Ossuary (visited)
   Lair: D:8-11         Orc: D:9-12

Altars:
Ashenzari
Cheibriados
Dithmenos
Elyvilon
Fedhas
Gozag
Hepliaklqana
Kikubaaqudgha
Makhleb
Nemelex Xobeh
Okawaru
Qazlal
Ru
Sif Muna
Trog
Uskayaw
Vehumet
Wu Jian
Xom
Zin

Shops:
D:6 *


Innate Abilities, Weirdness & Mutations

Your life essence is reduced to manifest your ancestor. (-10% HP)
You have a pair of horns on your head.
You reflexively headbutt those who attack you in melee.


Message History

The killer bee stings Namzu.
The killer bee closely misses Namzu.
The hornet stings Namzu.
The killer bee stings Namzu!
Namzu casts a spell at the killer bee.
The puff of frost hits the killer bee!
The killer bee misses Namzu.
The hornet stings Namzu.
You feel very sick.
The killer bee barely misses Namzu.
The killer bee stings Namzu.
Something barely misses Namzu.
The killer bee completely misses Namzu.
The killer bee barely misses Namzu.
Namzu hits the killer bee with a +0 quarterstaff!
The killer bee dies!
You feel sick.
Namzu has departed this plane of existence.
You feel sick.
You feel sick.
You feel sick.
You feel sick.
The killer bee stings you but does no damage.
You feel sick.
You feel sick. The killer bee stings you.
* * * LOW HITPOINT WARNING * * *
The killer bee stings you but does no damage.
You feel sick.
You are no longer poisoned.
The killer bee stings you.
* * * LOW HITPOINT WARNING * * *
The killer bee stings you but does no damage. x2
The killer bee stings you but does no damage.
The killer bee stings you.
* * * LOW HITPOINT WARNING * * *
You are poisoned.
The killer bee poisons you!
* * * LOW HITPOINT WARNING * * *
You feel sick.
The killer bee stings you but does no damage. x3
* * * LOW HITPOINT WARNING * * *
You feel sick.
The killer bee stings you but does no damage.
The killer bee stings you.
You die...

#.###########
#...........##
###..........#
#..........#####
#..y.......+.#..
#....y.....#.#.#
#.....y....#.#.#
####..yy.###.#.#####
#...@.###.#.....#
#...........#.###
#....###...†<......#
#....###...†.########
#....................
###.........#...####
#......#.##)..#
#......#..'...#
#......####...#


You could see a hornet and 4 killer bees.

Vanquished Creatures
  2 vampire mosquitoes (D:7)
  Menkaure (Ossuary)
  2 ice beasts
  3 orc warriors
  A necrophage (D:6)
  The ghost of gobodom the Chopper, an amateur DsGl (D:7)
  A kobold brigand (D:7)
  2 scorpions
  Dowan (D:5)
  8 killer bees
  3 wights (D:7)
  A vampire bat (D:6)
  2 centaur zombies (D:8)
  3 hounds
  3 orc priests
  A jelly (D:6)
  A bullfrog skeleton (D:6)
  3 iguanas
  4 orc wizards
  A killer bee zombie (D:6)
  A hound zombie (D:5)
  A hound skeleton (D:5)
  2 mummies (Ossuary)
  11 gnolls
  6 adders
  2 shadow imps
  An ufetubus (D:4)
  4 worms
  4 dart slugs
  11 orcs
  11 ball pythons
  11 endoplasms
  A giant cockroach (D:2)
  2 gnoll zombies (Ossuary)
  7 goblins
  10 jackals
  10 kobolds
  2 quokkas
  6 bats
  4 gnoll skeletons (Ossuary)
  4 goblin skeletons (Ossuary)
  2 goblin zombies (Ossuary)
  3 hobgoblin skeletons (Ossuary)
  3 hobgoblin zombies (Ossuary)
  8 kobold skeletons (Ossuary)
  A kobold zombie (Ossuary)
  An orc skeleton (Ossuary)
  7 orc zombies (Ossuary)
  3 rats
  2 rat skeletons (Ossuary)
  3 rat zombies (Ossuary)
188 creatures vanquished.

Vanquished Creatures (collateral kills)
  A two-headed ogre (D:8)
  A komodo dragon (D:7)
  A vampire mosquito (D:7)
  A steam dragon (D:5)
  Duvessa (D:5)
  3 water moccasins
  2 sky beasts (D:7)
  An ogre (D:6)
  A centaur (D:5)
  3 bullfrogs (D:7)
  A scorpion (D:6)
  5 killer bees
  4 wights (D:7)
  A howler monkey (D:8)
  A centaur zombie (D:8)
  3 hounds
  A jelly (D:4)
  Crazy Yiuf (D:5)
  4 orc priests
  An iguana (D:5)
  4 orc wizards
  A mummy (Ossuary)
  3 gnolls
  An ufetubus (D:5)
  A worm (D:4)
  10 orcs
  5 bats (D:6)
  2 ball pythons (D:4)
  A goblin skeleton (Ossuary)
  2 goblin zombies (Ossuary)
  A hobgoblin skeleton (Ossuary)
  3 hobgoblin zombies (Ossuary)
  A kobold (D:7)
  An orc zombie (Ossuary)
  A rat skeleton (Ossuary)
  A rat zombie (Ossuary)
75 creatures vanquished.

Vanquished Creatures (others)
  A wizard (D:5)
  An orc warrior (D:9)
  A battlemage (D:9)
  An orc wizard (D:9)
  An orc (D:9)
5 creatures vanquished.

Grand Total: 268 creatures vanquished

Notes
Turn   | Place    | Note
-------+----------+-------------------------------------------
     0 | D:1      | issech the Minotaur Monk began the quest for the Orb.
     0 | D:1      | Reached XP level 1. HP: 19/19 MP: 0/0
   267 | D:1      | Reached XP level 2. HP: 25/27 MP: 1/1
  1035 | D:2      | Found a faded altar of an unknown god.
  1107 | D:2      | Reached XP level 3. HP: 33/33 MP: 2/2
  1123 | D:2      | Identified the +4 spear of Watchfulness {vorpal, rC++ rN+}
  1815 | D:3      | Reached XP level 4. HP: 41/41 MP: 3/3
  1877 | D:3      | Reached skill level 1 in Armour
  1978 | D:3      | Reached skill level 1 in Polearms
  2211 | D:3      | Identified the ring of Grace {Int+6 Stlth+}
  2225 | D:3      | Reached XP level 5. HP: 38/47 MP: 4/4
  2298 | D:3      | Found a sacrificial altar of Ru.
  2312 | D:3      | Found an ancient bone altar of Kikubaaqudgha.
  2389 | D:3      | Found a sparkling altar of Nemelex Xobeh.
  2466 | D:3      | Found a burning altar of Makhleb.
  3076 | D:4      | Found a staircase to the Ecumenical Temple.
  3085 | Temple   | Entered the Ecumenical Temple
  3302 | Temple   | Became a worshipper of Hepliaklqana the Forgotten
  3302 | Temple   | Reached * piety under Hepliaklqana
  3302 | Temple   | Reached ** piety under Hepliaklqana
  3303 | Temple   | Remembered your ancestor Namzu as a battlemage
  3629 | D:4      | Reached XP level 6. HP: 24/49 MP: 5/5
  3879 | D:4      | Reached skill level 5 in Fighting
  4010 | D:4      | Identified the +7 quarterstaff "Cewatubb" {venom, rF- Will+
                  | Str+2 Stlth+}
  4142 | D:5      | Entered Level 5 of the Dungeon
  4154 | D:5      | Noticed Dowan
  4157 | D:5      | Noticed Duvessa
  4167 | D:5      | Killed Duvessa
  4173 | D:5      | Killed Dowan
  4174 | D:5      | Reached XP level 7. HP: 50/54 MP: 6/6
  4195 | D:5      | Found a sand-covered staircase.
  4201 | Ossuary  | Entered an ossuary
  4260 | Ossuary  | Reached skill level 1 in Staves
  4587 | Ossuary  | Noticed Menkaure
  4593 | Ossuary  | Killed Menkaure
  4594 | Ossuary  | Reached skill level 3 in Staves
  5093 | D:5      | Found a runed translucent door.
  5094 | D:5      | Noticed Crazy Yiuf
  5098 | D:5      | Killed Crazy Yiuf
  5099 | D:5      | Reached skill level 4 in Staves
  5277 | D:5      | Reached skill level 5 in Staves
  5305 | D:5      | Identified the +10 spear "Ultimatum" {pain, rElec Int+3}
  5339 | D:5      | Noticed a steam dragon
  5344 | D:5      | Killed a steam dragon
  5345 | D:5      | Reached XP level 8. HP: 41/63 MP: 7/7
  5478 | D:5      | Reached skill level 6 in Staves
  5773 | D:5      | Found a bloodstained altar of Trog.
  5777 | D:5      | Noticed a wizard
  5779 | D:5      | Killed a wizard
  5948 | D:6      | Reached skill level 7 in Staves
  6115 | D:6      | Reached skill level 5 in Armour
  6138 | D:6      | Reached skill level 8 in Staves
  6138 | D:6      | Reached skill level 5 in Dodging
  6459 | D:6      | Reached XP level 9. HP: 54/70 MP: 8/8
  6861 | D:6      | Found Iloine's General Store.
  7139 | D:7      | Reached skill level 9 in Staves
  7149 | D:7      | Found a runed translucent door.
  7181 | D:7      | Noticed gobodom's ghost (amateur DsGl)
  7186 | D:7      | Noticed a komodo dragon
  7203 | D:7      | Reached *** piety under Hepliaklqana
  7300 | D:7      | Found a broken altar of Ashenzari.
  7350 | D:7      | Reached skill level 1 in Throwing
  7454 | D:7      | Identified a scroll of acquirement
  7455 | D:7      | Acquired a manual of Staves
  7493 | D:7      | Reached skill level 10 in Staves
  7493 | D:7      | Reached XP level 10. HP: 27/79 MP: 9/9
  8162 | D:7      | Killed gobodom's ghost
  8582 | D:8      | Reached skill level 11 in Staves
  8780 | D:8      | Noticed a two-headed ogre
  8785 | D:8      | Killed a two-headed ogre
  8976 | D:9      | Identified the +1 scale mail of Sloth {Rampage}
  9087 | D:9      | Paralysed by a hornet for 3 turns
  9104 | D:9      | Slain by a killer bee

Illustrated notes

Levels and vault maps discovered:
D:1:      dpeg_arrival_concentric_ovals, layout_basic, chequers_jeans
D:2:      layout_loops_ring, ebering_ecumenical_altar_mist
D:3:      layout_basic, nicolae_overflow_quartered_altars, nrook_loot_triangle
D:4:      layout_rooms, temple_green, grunt_ministairs_3
D:5:      layout_basic, trog_wizard, nicolae_ossuary_entry_plus,
          uniq_crazy_yiuf_cottage, uniq_duvessa
D:6:      layout_rooms, serial_shops, nicolae_shop_behind_doors,
          roderic_batcave, minmay_starry_boxes
D:7:      layout_basic, ashenzari_conservatory_becter, ebering_ghost_inner_flame
D:8:      layout_basic
D:9:      layout_basic, grunt_temple_overflow_holy_war, nicolae_elemental_shop,
          lemuel_flamethrower_2, uniq_harold
Temple:   minmay_temple_curvy_branch

Skill      XL: |  1  2  3  4  5  6  7  8  9 10 |
---------------+-------------------------------+-----
Axes           | 4 |  4.8
Fighting       | 4 5 6 7 8 |  8.6
Dodging        | 4 5 |  5.9
Armour         | 1 2 3 4 5 7 8 |  8.9
Polearms       | 1 3 4 |  4.2
Stealth        | 2 3 4 |  4.4
Staves         | 5 8 10 11 | 11.9
Throwing       | 1 |  1.3

Action                   |  1- 3 |  4- 6 |  7- 9 | 10-12 || total
-------------------------+-------+-------+-------+-------++-------
Melee: Hand axe          |    20 |       |       |       ||    20
       Headbutt          |    10 |    15 |    37 |    10 ||    72
       War axe           |    15 |       |       |       ||    15
       Spear             |    31 |   104 |       |       ||   135
       Quarterstaff      |       |     8 |   209 |    58 ||   275
Throw: Stone             |     4 |     7 |     4 |       ||    15
Invok: Ancestor Life: Ba |       |     1 |       |       ||     1
  Use: Scroll            |       |     1 |     7 |     1 ||     9
       Potion            |       |       |       |     1 ||     1
 Stab: Sleeping          |     2 |     1 |     5 |       ||     8
Armor: Robe              |     5 |       |       |       ||     5
       Ring mail         |     7 |       |       |       ||     7
       Scale mail        |     6 |    40 |    73 |       ||   119
       Chain mail        |       |       |    13 |       ||    13
       Plate armour      |       |       |     7 |    49 ||    56
Dodge: Dodged            |    46 |    53 |   117 |    26 ||   242
